Puap, lawful female human Valkyrie --- ---.--- -- |.....--.| |.......----- --..|...--..| |..|-......--- ---|.........| --....--..-- --...----..| ............. ----h%--....- |..>....- ...||... --....*..| ....--.... |...%....--- -...!....... -.--.|@....| ...^...%....- . -----...| .........).- |`.-- `........-- --- --------- Puap the Fighter Experience level: 7 Strength: 18 Dexterity: 13 Constitution: 17 Intelligence: 8 Wisdom: 13 Charisma: 8 Health: 29(29) Energy: 27(27) Def: 9 Gold: 0 Moves: 3698 Dungeon seed: UstXZd7l5-98gG-G Game ID: Puap_1512753911 Your Inventory: Weapons a - the blessed rustproof +1 Excalibur (weapon in hand) b - an uncursed +0 dagger C - 31 uncursed +0 darts Armor e - an uncursed rotted +3 small shield (being worn) q - an uncursed +0 banded mail (being worn) Comestibles c - 3 uncursed food rations Scrolls R - an uncursed scroll of destroy armor Wands U - an uncursed wand of opening (0:5) Tools d - an uncursed oil lamp (lit) (0:711) G - an uncursed +0 unicorn horn V - a blessed tallow candle (0:200) W - an uncursed skeleton key X - 4 cursed tallow candles (0:200) Spells and supernatural/magical abilities: Spells marked with '*' are forgotten. Spells marked with '!' are maintained. Spells marked with '#' are aliased with 'castalias'. Name Level Category Fail Memory W - pray for help -- divine ? -- Your skills at the end: Fighting Skills wands [Basic] Weapon Skills dagger [Basic] long sword [Skilled] Spellcasting Skills Final Attributes: You were immune to cold. You were sleep resistant. You were level-drain resistant. You saw invisible. You had infravision. You were stealthy. You were polymorphed into a Grey-elf. You were fast. You last prayed 18 turns ago. You survived. Vanquished creatures: 12 leprechauns a gnome king a brown pudding a dog a gray unicorn a raven a Woodland-elf 2 fire ants 2 imps a water nymph a rock piercer a pony a shrieker 7 gnome lords 5 gnomish wizards a guardian naga hatchling a gray ooze 2 elf zombies a straw golem a paper golem a little dog a floating eye 2 kittens a dwarf a kobold lord a kobold shaman 2 hill orcs 3 rothes a rabid rat a giant bat a monkey 2 werejackals 6 iguanas an acid blob 6 coyotes a hobbit a large kobold 2 hobgoblins 4 giant rats 6 cave spiders 30 gnomes 3 garter snakes 3 gnome zombies 3 geckos 3 jackals 4 kobolds a goblin 5 grid bugs 4 bats 4 lichens a kobold zombie 4 newts 153 creatures vanquished. Voluntary challenges: You had been an atheist until turn 2622. You used a wielded weapon 150 times, starting on turn 113. You read items or engraved 5 times, starting on turn 2766. You never genocided any monsters. You never polymorphed an object. You changed form 1 time, starting on turn 3646. You used no wishes. You split 1 pudding, starting on turn 3273. You wrote Elbereth's name 1 time, starting on turn 3584. You never violated your personal moral code. Dungeon overview: The Dungeons of Doom: levels 1 to 7 Level 1 a long staircase Level 2 Level 3 a fountain, a sink stairs to The Gnomish Mines Level 4 a fountain, a vault Level 5 a sink Level 6 some fountains Level 7 a fountain a long staircase The Gnomish Mines: levels 4 to 10 Level 4 stairs to The Dungeons of Doom Level 6 some shops, a temple to Odin, some fountains Level 7 Level 8 Level 9 <- You were here Level 10 History has recorded: On T:1 you entered the Dungeons of Doom to retrieve the Amulet of Yendor! On T:174 you reached level 2 of The Dungeons of Doom. On T:231 you reached level 3 of The Dungeons of Doom. On T:290 you reached level 4 of The Dungeons of Doom. On T:516 you reached level 5 of The Dungeons of Doom. On T:673 you reached level 6 of The Dungeons of Doom. On T:687 you advanced to experience level 2. On T:776 you advanced to experience level 3. On T:1008 you reached level 7 of The Dungeons of Doom. On T:1125 you advanced to experience level 4. On T:1369 you advanced to experience level 5. On T:2400 you reached level 1 of The Gnomish Mines. On T:2472 you advanced to experience level 6. On T:2600 you reached level 3 of The Gnomish Mines. On T:2971 you reached level 4 of The Gnomish Mines. On T:3090 you advanced to experience level 7. On T:3288 you reached level 5 of The Gnomish Mines. On T:3572 you reached level 6 of The Gnomish Mines. On T:3580 you reached level 7 of The Gnomish Mines. Score breakdown: Gold: 0 ( 0 points) Experience: 7 levels (13645 points) Exploration: 10 levels ( 20.83%) (13127 points) Discoveries: 7 items ( 2.81%) ( 5030 points) Valuables value: (no points given unless you survive) Artifact value: 4000 (12253 points) Variety of kills: 52 monsters ( 13.68%) (11097 points) Turncount: 3698 turns ( -908 points) Survival: quit (score multiplied by 90%) Total score: 48819 Latest messages: Velkommen Puap, the human Valkyrie, welcome back to FIQHack! The moon seems less notable tonight... Viewing The Gnomish Mines: level 8. The daggers are located here. You see here a gnome lady corpse. You see here a yellow gem. You hear rumbling in the distance. You see here an uncursed bag containing 24 items. You rebalance your load. Movement is difficult. D - an uncursed bag containing 24 items. You drop an uncursed bag containing 24 items. Your movements are now unencumbered. You carefully open the bag... To quit the game, use the 'save' command (typically on 'S'). Final status: Farvel Puap the Valkyrie, quit... You quit in The Gnomish Mines on dungeon level 9 with 48819 points, and 0 pieces of gold, after 3698 moves. You were level 7 with a maximum of 53 hit points when you quit.